MLB
NEW YORK YANKEES @ PHILADELPHIA PHILLIES
06/26/2018
 
TOP OF THE 1ST
New York Yankees batting - Pitching for Philadelphia Phillies : LHP David Price
Pitching: LHP David Price
Batting: RHB Manny Margot 0-0: Swinging Strike
0-1: Ball
1-1: Foul Ball, location: 2F
1-2: Fly out, F9 (Flyball, 9S)
Batting: RHB Anthony Rendon 0-0: Fly out, F4 (Popup, 13)
Batting: RHB Jose Abreu 0-0: Called Strike
0-1: DOUBLE (Line Drive, 9LM)
Batting: RHB Ryan Braun 0-0: Ball
1-0: Fly out, F8 (Flyball, 8LS)
Top of the 1st over - 0 runs, 1 hit, 0 errors, 1 left on base; New York 0 - Philadelphia 0
BOTTOM OF THE 1ST
Philadelphia Phillies batting - Pitching for New York Yankees : RHP Zack Greinke
Pitching: RHP Zack Greinke
Batting: RHB Delino DeShields Jr. 0-0: Foul Ball, location: 2F
0-1: Bunt for hit to 25 - play at first, batter safe!
Batting: RHB Amed Rosario 0-0: Called Strike
0-1: Fly out, F7 (Line Drive, 7D)
Batting: LHB Justin Bour 0-0: Called Strike
Delino DeShields Jr. steals 2nd base (no throw)
0-1: SINGLE (Flyball, 7S)
Delino DeShields Jr. to third
Batting: LHB Kole Calhoun 0-0: Ball
1-0: 3-RUN HOME RUN (Flyball, 9D), Distance : 382 ft
Batting: LHB Nicky Delmonico 0-0: Ball
1-0: Foul Ball, location: 2F
1-1: Ground out 5-3 (Groundball, 56)
Batting: RHB Carson Kelly 0-0: Ball
1-0: Foul Ball, location: 2F
1-1: Ball
2-1: Foul Ball, location: 2F
2-2: Foul Ball, location: 2F
2-2: Ball
3-2: Base on Balls
Batting: LHB Leonys Martin 0-0: Called Strike
0-1: Foul Ball, location: 2F
0-2: Strikes out looking
Bottom of the 1st over - 3 runs, 3 hits, 0 errors, 1 left on base; New York 0 - Philadelphia 3
TOP OF THE 2ND
New York Yankees batting - Pitching for Philadelphia Phillies : LHP David Price
Batting: RHB Buster Posey 0-0: Called Strike
0-1: Swinging Strike
0-2: Strikes out looking
Batting: RHB Devon Travis 0-0: Fly out, F4 (Flyball, 4D)
Batting: LHB Brandon Crawford 0-0: Foul Ball, location: 2F
0-1: Ball
1-1: Foul Ball, location: 2F
1-2: Ball
2-2: Foul Ball, location: 2F
2-2: Ball
3-2: Ground out 6-3 (Groundball, 6S)
Top of the 2nd over - 0 runs, 0 hits, 0 errors, 0 left on base; New York 0 - Philadelphia 3
BOTTOM OF THE 2ND
Philadelphia Phillies batting - Pitching for New York Yankees : RHP Zack Greinke
Batting: RHB Scott Kingery 0-0: Ball
1-0: Fly out, F4 (Popup, 3S)
Batting: LHB David Price 0-0: Fly out, F8 (Flyball, 89D)
Batting: RHB Delino DeShields Jr. 0-0: Ball
1-0: Ball
2-0: Fly out, F7 (Flyball, 78D)
Bottom of the 2nd over - 0 runs, 0 hits, 0 errors, 0 left on base; New York 0 - Philadelphia 3
TOP OF THE 3RD
New York Yankees batting - Pitching for Philadelphia Phillies : LHP David Price
Batting: RHB Enrique Hernandez 0-0: Ball
1-0: Foul Ball, location: 2F
1-1: Called Strike
1-2: Foul Ball, location: 2F
1-2: Strikes out swinging
Batting: RHB Zack Greinke 0-0: Foul Ball, location: 2F
0-1: Ball
1-1: Ball
2-1: Ball
3-1: Swinging Strike
3-2: Foul Ball, location: 2F
3-2: Strikes out looking
Batting: RHB Manny Margot 0-0: Called Strike
0-1: Called Strike
0-2: Foul Ball, location: 2F
0-2: Ball
1-2: Reached on error, E5 (Groundball, 56)
Batting: RHB Anthony Rendon 0-0: Ball
1-0: Fly out, F6 (Line Drive, 6)
Top of the 3rd over - 0 runs, 0 hits, 1 error, 1 left on base; New York 0 - Philadelphia 3
BOTTOM OF THE 3RD
Philadelphia Phillies batting - Pitching for New York Yankees : RHP Zack Greinke
Batting: RHB Amed Rosario 0-0: Ball
1-0: Called Strike
1-1: Swinging Strike
1-2: Ground out 4-3 (Groundball, 4S)
Batting: LHB Justin Bour 0-0: Swinging Strike
0-1: Ball
1-1: Foul Ball, location: 2F
1-2: Fly out, F8 (Line Drive, 8RM)
Batting: LHB Kole Calhoun 0-0: Called Strike
0-1: Swinging Strike
0-2: Ball
1-2: Ball
2-2: Ball
3-2: Fly out, F8 (Line Drive, 8RM)
Bottom of the 3rd over - 0 runs, 0 hits, 0 errors, 0 left on base; New York 0 - Philadelphia 3
TOP OF THE 4TH
New York Yankees batting - Pitching for Philadelphia Phillies : LHP David Price
Batting: RHB Jose Abreu 0-0: Ball
1-0: Called Strike
1-1: Called Strike
1-2: Ball
2-2: Ground out 5-3 (Groundball, 5)
Batting: RHB Ryan Braun 0-0: Ball
1-0: Ball
2-0: SINGLE (Line Drive, 4MD)
Batting: RHB Buster Posey 0-0: Ball
1-0: Ball
2-0: Ball
3-0: Called Strike
3-1: Fly out, F8 (Flyball, 89M)
Batting: RHB Devon Travis 0-0: Ball
Ryan Braun steals 2nd base
1-0: Foul Ball, location: 2F
1-1: Ground out 5-3 (Groundball, 56S)
Top of the 4th over - 0 runs, 1 hit, 0 errors, 1 left on base; New York 0 - Philadelphia 3
BOTTOM OF THE 4TH
Philadelphia Phillies batting - Pitching for New York Yankees : RHP Zack Greinke
Batting: LHB Nicky Delmonico 0-0: Ball
1-0: DOUBLE (Line Drive, 89D)
Batting: RHB Carson Kelly 0-0: Ball
1-0: Fly out, F7 (Flyball, 7S)
Batting: LHB Leonys Martin 0-0: Ball
1-0: Called Strike
1-1: Called Strike
1-2: Strikes out looking
Batting: RHB Scott Kingery 0-0: Called Strike
0-1: Ball
1-1: Swinging Strike
1-2: Ball
2-2: Foul Ball, location: 2F
2-2: SINGLE (Line Drive, 34D)
Nicky Delmonico to third
Batting: LHB David Price 0-0: Ball
1-0: Fielders Choice at 2nd, U4 (Groundball, 4M)
Bottom of the 4th over - 0 runs, 2 hits, 0 errors, 2 left on base; New York 0 - Philadelphia 3
TOP OF THE 5TH
New York Yankees batting - Pitching for Philadelphia Phillies : LHP David Price
Batting: LHB Brandon Crawford 0-0: Called Strike
0-1: Ball
1-1: Ball
2-1: Swinging Strike
2-2: Ball
3-2: Base on Balls
Batting: RHB Enrique Hernandez 0-0: Foul Ball, location: 2F
0-1: Ball
1-1: Ball
2-1: Foul Ball, location: 2F
2-2: Ball
3-2: Foul Ball, location: 2F
3-2: Base on Balls
Brandon Crawford to second
Batting: RHB Zack Greinke 0-0: Foul Ball, location: 2F
0-1: Ball
1-1: Fly out, F6 (Popup, 6M)
Batting: RHB Manny Margot 0-0: Foul Ball, location: 2F
0-1: Ball
1-1: Foul Ball, location: 2F
1-2: Ball
2-2: SINGLE (Groundball, 4D)
Brandon Crawford to third
Enrique Hernandez to second
Runner from 3rd tries for Home, SAFE, throw by CF to home
Batting: RHB Anthony Rendon 0-0: Fly out, F6 (Popup, 56D)
Batting: RHB Jose Abreu 0-0: Swinging Strike
0-1: Foul Ball, location: 2F
0-2: Ball
1-2: Strikes out swinging
Top of the 5th over - 1 run, 1 hit, 0 errors, 2 left on base; New York 1 - Philadelphia 3
BOTTOM OF THE 5TH
Philadelphia Phillies batting - Pitching for New York Yankees : RHP Zack Greinke
Batting: RHB Delino DeShields Jr. 0-0: Called Strike
0-1: Ball
1-1: Ball
2-1: Called Strike
2-2: Foul Ball, location: 2F
2-2: Ball
3-2: Ground out 4-3 (Groundball, 4)
Batting: RHB Amed Rosario 0-0: Ball
1-0: Called Strike
1-1: Ground out 5-3 (Groundball, 56)
Batting: LHB Justin Bour 0-0: Ball
1-0: Called Strike
1-1: Ball
2-1: Called Strike
2-2: Ball
3-2: Ground out 4-3 (Groundball, 34)
Bottom of the 5th over - 0 runs, 0 hits, 0 errors, 0 left on base; New York 1 - Philadelphia 3
TOP OF THE 6TH
New York Yankees batting - Pitching for Philadelphia Phillies : LHP David Price
Pitching: RHP Sergio Romo
Batting: RHB Ryan Braun 0-0: Ball
1-0: Ball
2-0: Called Strike
2-1: Swinging Strike
2-2: Ball
3-2: SOLO HOME RUN (Flyball, 89XD) (Inside the Park)
Batting: RHB Buster Posey 0-0: Swinging Strike
0-1: Ball
1-1: Swinging Strike
1-2: Strikes out swinging
Batting: RHB Devon Travis 0-0: Ball
1-0: Fly out, F9 (Line Drive, 9)
Batting: LHB Brandon Crawford 0-0: Called Strike
0-1: Swinging Strike
0-2: Strikes out swinging
Top of the 6th over - 1 run, 1 hit, 0 errors, 0 left on base; New York 2 - Philadelphia 3
BOTTOM OF THE 6TH
Philadelphia Phillies batting - Pitching for New York Yankees : RHP Zack Greinke
Batting: LHB Kole Calhoun 0-0: Ball
1-0: Called Strike
1-1: Foul Ball, location: 2F
1-2: Ball
2-2: SOLO HOME RUN (Line Drive, 9D), Distance : 381 ft
Batting: LHB Nicky Delmonico 0-0: Foul Ball, location: 2F
0-1: Foul Ball, location: 2F
0-2: Ground out 6-3 (Groundball, 4)
Batting: RHB Carson Kelly 0-0: Foul Ball, location: 2F
0-1: Ball
1-1: Ball
2-1: Foul Ball, location: 2F
2-2: Fly out, F8 (Flyball, 8LXD)
Batting: LHB Leonys Martin 0-0: SINGLE (Line Drive, 9S)
Batting: RHB Scott Kingery 0-0: Foul Ball, location: 2F
0-1: Ball
1-1: Ball
2-1: Ball
3-1: 2-RUN HOME RUN (Flyball, 8RXD), Distance : 425 ft
Pinch Hitting: RHB Todd Frazier 0-0: Ground out 6-3 (Groundball, 6)
Bottom of the 6th over - 3 runs, 3 hits, 0 errors, 0 left on base; New York 2 - Philadelphia 6
TOP OF THE 7TH
New York Yankees batting - Pitching for Philadelphia Phillies : RHP Sergio Romo
Pitching: RHP Seung-hwan Oh
Batting: RHB Enrique Hernandez 0-0: Called Strike
0-1: Called Strike
0-2: Ball
1-2: Ground out 5-3 (Groundball, 5S)
Pinch Hitting: LHB Willie Calhoun 0-0: Swinging Strike
0-1: SOLO HOME RUN (Flyball, 9D), Distance : 393 ft
Batting: RHB Manny Margot 0-0: Swinging Strike
0-1: Called Strike
0-2: Ball
1-2: Strikes out swinging
Batting: RHB Anthony Rendon 0-0: Ball
1-0: Called Strike
1-1: Foul Ball, location: 2F
1-2: Fly out, F9 (Flyball, 9)
Top of the 7th over - 1 run, 1 hit, 0 errors, 0 left on base; New York 3 - Philadelphia 6
BOTTOM OF THE 7TH
Philadelphia Phillies batting - Pitching for New York Yankees : RHP Zack Greinke
Pitching: RHP Josh Lucas
Batting: RHB Delino DeShields Jr. 0-0: Ball
1-0: Called Strike
1-1: DOUBLE (Line Drive, 9LM)
Batting: RHB Amed Rosario 0-0: Ball
1-0: Ball
2-0: DOUBLE (Line Drive, 3D)
Delino DeShields Jr. scores
Batting: LHB Justin Bour 0-0: Swinging Strike
0-1: Ball
1-1: Ball
2-1: Swinging Strike
2-2: Foul Ball, location: 2F
2-2: Ball
3-2: Base on Balls
Pitching: LHP Xavier Cedeno
Batting: LHB Kole Calhoun 0-0: Called Strike
0-1: Ball
1-1: Ball
2-1: Ball
3-1: Base on Balls
Amed Rosario to third
Justin Bour to second
Batting: LHB Nicky Delmonico 0-0: Swinging Strike
0-1: Ball
1-1: Called Strike
1-2: Strikes out swinging
Batting: RHB Carson Kelly 0-0: Foul Ball, location: 2F
0-1: Swinging Strike
0-2: Ball
1-2: Strikes out looking
Batting: LHB Leonys Martin 0-0: Ball
1-0: Foul Ball, location: 2F
1-1: Ground out 5-3 (Groundball, 56S)
Bottom of the 7th over - 1 run, 2 hits, 0 errors, 3 left on base; New York 3 - Philadelphia 7
TOP OF THE 8TH
New York Yankees batting - Pitching for Philadelphia Phillies : RHP Seung-hwan Oh
Pitching: LHP Alex Claudio
Batting: RHB Jose Abreu 0-0: Ball
1-0: Called Strike
1-1: Ground out 6-3 (Groundball, 6)
Batting: RHB Ryan Braun 0-0: DOUBLE (Groundball, 5L)
Batting: RHB Buster Posey 0-0: Ball
1-0: Swinging Strike
1-1: Foul Ball, location: 2F
1-2: Foul Ball, location: 2F
1-2: Ball
2-2: Ground out 6-3 (Groundball, 56)
Batting: RHB Devon Travis 0-0: Called Strike
0-1: Ball
1-1: Foul Ball, location: 2F
1-2: Strikes out swinging
Top of the 8th over - 0 runs, 1 hit, 0 errors, 1 left on base; New York 3 - Philadelphia 7
BOTTOM OF THE 8TH
Philadelphia Phillies batting - Pitching for New York Yankees : LHP Xavier Cedeno
Pitching: LHP John Danks
Batting: RHB Scott Kingery 0-0: SINGLE (Line Drive, 6D)
Pinch Hitting: RHB Carlos Tocci 0-0: Ball
1-0: Fielders Choice at 2nd, 1-4 (Groundball, 15S)
Batting: RHB Delino DeShields Jr. 0-0: Ball
1-0: Ball
2-0: Foul Ball, location: 2F
2-1: Foul Ball, location: 2F
2-2: Ball
3-2: Base on Balls
Carlos Tocci to second
Batting: RHB Amed Rosario 0-0: Called Strike
0-1: Fly out, F4 (Popup, 34S)
Batting: LHB Justin Bour 0-0: Ball
1-0: Called Strike
1-1: Foul Ball, location: 2F
1-2: Ball
2-2: Foul Ball, location: 2F
2-2: Strikes out swinging
Bottom of the 8th over - 0 runs, 1 hit, 0 errors, 2 left on base; New York 3 - Philadelphia 7
TOP OF THE 9TH
New York Yankees batting - Pitching for Philadelphia Phillies : LHP Alex Claudio
Pitching: RHP Bryan Shaw
Batting: LHB Brandon Crawford 0-0: Called Strike
0-1: Called Strike
0-2: Ball
1-2: Strikes out swinging
Batting: RHB Enrique Hernandez 0-0: Ball
1-0: Foul Ball, location: 2F
1-1: Called Strike
1-2: Strikes out swinging
Pinch Hitting: LHB Logan Morrison 0-0: Called Strike
0-1: Foul Ball, location: 2F
0-2: Ball
1-2: Ball
2-2: Ball
3-2: Base on Balls
Batting: RHB Manny Margot 0-0: DOUBLE (Line Drive, 9LS)
Logan Morrison to third
Pitching: RHP Kenley Jansen
Batting: RHB Anthony Rendon 0-0: Ball
1-0: Fly out, F8 (Flyball, 8LXD)
Top of the 9th over - 0 runs, 1 hit, 0 errors, 2 left on base; New York 3 - Philadelphia 7
Monday, September 3rd, 2018 - OOTP Baseball 19.8 Build 79